 Dungeon Crawl Stone Soup version 0.23-a0-650-ga4d50d4 (webtiles) character file.

59 Amnesiac the Magician (level 3, -4/14 HPs)
             Began as a Felid Earth Elementalist on Jan 6, 2019.
             Killed from afar by an orc wizard (12 damage)
             ... with a puff of flame
             ... on level 3 of the Dungeon.
             The game lasted 00:01:57 (650 turns).

Amnesiac the Magician (Felid Earth Elementalist)     Turns: 650, Time: 00:01:58

Health: -4/14      AC:  1    Str:  4    XL:     3   Next: 78%
Magic:  0/8        EV: 18    Int: 17    God:
Gold:   25         SH:  0    Dex: 16    Spells: 5/8 levels left
                                        Lives:  0   Deaths: 0

rFire    . . .     SeeInvis +   (weapon unavailable)
rCold    . . .     Gourm    .   (shield unavailable)
rNeg     . . .     Faith    .   (armour unavailable)
rPois    .         Spirit   .   (helmet unavailable)
rElec    .         Reflect  .   (cloak unavailable)
rCorr    .         Harm     .   (gloves unavailable)
MR       .....                  (boots unavailable)
Stlth    +++.......             (no amulet)
HPRegen  0.04/turn              (no ring)
MPRegen  0.11/turn              (no ring)

@: quick
A: very small, no armour, no weapons or thrown items, stealth, claws 1, fangs 3,
see invisible, carnivore, speed 1, shaggy fur 1, slow metabolism 1, sharp paws
a: no special abilities


You were on level 3 of the Dungeon.
You were completely stuffed.

You visited 1 branch of the dungeon, and saw 3 of its levels.

You collected 25 gold pieces.

Inventory:

Missiles
 b - 43 stones
Scrolls
 d - a scroll of amnesia {!r, unknown}
 e - a scroll of teleportation {!r, unknown}
Potions
 a - 2 potions of curing {!q}
 g - a potion of resistance {!q, unknown}
Comestibles
 c - 3 rations
 f - 3 chunks of flesh


   Skills:
 - Level 2.6 Dodging
 - Level 2.6 Stealth
 + Level 3.3 Spellcasting
 - Level 1.1 Transmutations
 + Level 3.3 Earth Magic


You had 5 spell levels left.
You knew the following spells:

 Your Spells              Type           Power        Failure   Level  Hunger
a - Sandblast             Erth           ##....       4%          1    None
b - Passwall              Tmut/Erth      ##......     11%         2    ##.....

Your spell library contained the following spells:

 Spells                   Type           Power        Failure   Level  Hunger
 Stone Arrow              Conj/Erth      #.....       26%         3    ###....
 Petrify                  Tmut/Erth      ##......     56%         4    ####...
 Lee's Rapid Deconstruct  Erth           ##........   75%         5    ######.


Dungeon Overview and Level Annotations

Branches:
Dungeon (3/15)

Altars:
Qazlal


Innate Abilities, Weirdness & Mutations

You cannot wear armour.
You are incapable of wielding weapons or throwing items.
Your paws allow you to move quietly. (Stealth)
You have sharp claws.
You have razor-sharp teeth.
You have supernaturally acute eyesight. (SInv)
You are carnivorous and can eat meat at any time.
You cover ground quickly.
You are covered in fur. (AC +1)
You have a slow metabolism.
Your sharp claws are effective at attacking unaware monsters.


Message History

Aiming: Sandblast (safe; 4% risk of failure)
Press: ? - help, Shift-Dir - straight line, f/p - orc wizard
Aim: an orc wizard, wielding a +0 dagger and wearing a +0 robe (heavily The blast of sand misses the orc wizard.
b - 47 stones The orc wizard casts a spell at you.
The puff of flame misses you.
Unknown command.
Casting: Sandblast (safe; 4% risk of failure)
Confirm with . or Enter, or press ? or * to list all spells.
Aiming: Sandblast (safe; 4% risk of failure)
Press: ? - help, Shift-Dir - straight line, f/p - orc wizard
Aim: an orc wizard, wielding a +0 dagger and wearing a +0 robe (heavily The blast of sand hits the orc wizard.
The orc wizard is severely wounded.
b - 46 stones The orc wizard casts a spell at you.
The puff of frost hits you!
Ouch! That really hurt!
* * * LOW HITPOINT WARNING * * *
Unknown command.
Casting: Sandblast (safe; 4% risk of failure)
Confirm with . or Enter, or press ? or * to list all spells.
Aiming: Sandblast (safe; 4% risk of failure)
Press: ? - help, Shift-Dir - straight line, f/p - orc wizard
Aim: an orc wizard, wielding a +0 dagger and wearing a +0 robe (severely The blast of sand hits the orc wizard.
The orc wizard is severely wounded.
b - 45 stones Unknown command.
Casting: Sandblast (safe; 4% risk of failure)
Confirm with . or Enter, or press ? or * to list all spells.
Aiming: Sandblast (safe; 4% risk of failure)
Press: ? - help, Shift-Dir - straight line, f/p - orc wizard
Aim: an orc wizard, wielding a +0 dagger and wearing a +0 robe (severely The blast of sand hits the orc wizard.
The orc wizard is severely wounded.
b - 44 stones The orc wizard hits you with a +0 dagger.
* * * LOW HITPOINT WARNING * * *
Unknown command.
Casting: Sandblast (safe; 4% risk of failure)
Confirm with . or Enter, or press ? or * to list all spells.
You don't have enough magic to cast that spell.
Unknown command.
Really quaff
a - 3 cyan potions {!q}?
It was a potion of curing {!q}.
You feel better.
The orc wizard casts a spell.
The orc wizard seems to speed up.
There is an open door here.
The orc wizard looks satisfied for a moment.
You close the door.
An orc wizard opens the door.
Casting: Sandblast (safe; 4% risk of failure)
Confirm with . or Enter, or press ? or * to list all spells.
Aiming: Sandblast (safe; 4% risk of failure)
Press: ? - help, Shift-Dir - straight line, f/p - orc wizard
Aim: an orc wizard, wielding a +0 dagger and wearing a +0 robe (severely The blast of sand hits the orc wizard.
The orc wizard is almost dead.
b - 43 stones The orc wizard gestures at you while chanting.
The puff of flame hits you!
Ouch! That really hurt!
You die...

########## .........#
########.# #.# #########
#.# #.......#
....#####.#####.......#
...##......)##.......#
...##.##.##.##.......#
=....##@##.##.......#
.l...##o##.##.......#
...####)...#.....##.......#
...oo...##.#..............#
o.#.##.#).....)....####
..#...[............#
#....####....<...# ##.###
#....)...# ...# #........#


You could see an orc wizard.

Vanquished Creatures
  An orc wizard (D:3)
  An adder (D:2)
  2 orcs (D:3)
  A bat (D:3)
  A giant cockroach (D:3)
  2 goblins (D:1)
  4 hobgoblins
  A kobold (D:2)
  4 frilled lizards
  2 rats (D:2)
19 creatures vanquished.

Notes
Turn   | Place    | Note
-------+----------+-------------------------------------------
     0 | D:1      | Amnesiac the Felid Earth Elementalist began the quest for
                  | the Orb.
     0 | D:1      | Reached XP level 1. HP: 7/7 MP: 4/4
   124 | D:2      | Noticed an air elemental
   126 | D:2      | Found a stormy altar of Qazlal.
   127 | D:2      | Noticed a fire elemental
   127 | D:2      | Noticed an earth elemental
   127 | D:2      | Noticed a water elemental
   146 | D:2      | Reached XP level 2. HP: 11/11 MP: 6/6
   150 | D:2      | Learned a level 2 spell: Passwall
   456 | D:3      | Reached XP level 3. HP: 7/14 MP: 4/8
   650 | D:3      | Killed from afar by an orc wizard

Vault maps used:
D:1:      noname_arrival_rooms_in_the_neighbourhood, kennysheep_minor_cross,
          minmay_bisected
D:2:      nicolae_qazlal_style_of_elements
D:3:      first_ration

Skill      XL: |  1  2 |
---------------+-------+-----
Earth Magic    | 3 |  3.3
Spellcasting   | 3 |  3.3
Dodging        | |  2.6
Stealth        | |  2.6
Transmutations | |  1.1

Action                   || total
-------------------------++-------
Melee: Unarmed           ||    30
 Cast: Sandblast         ||    23
  Use: Potion            ||     1
 Stab: Sleeping          ||     6
  Eat: Chunk             ||     7
Dodge: Dodged            ||    18

Table legend:
 A = Non-vault XP
 B = Vault XP
 C = Vault XP percentage of total XP
 D = Non-vault monster count
 E = Vault monster count
 F = Vault count percentage of total count
                 A         B        C        D         E       F
            +---------+---------+-------+---------+---------+-------
      Total |      85 |       0 |   0.0 |      19 |       0 |   0.0
            +---------+---------+-------+---------+---------+-------
        D:1 |       7 |       0 |   0.0 |       4 |       0 |   0.0
        D:2 |      23 |       0 |   0.0 |       8 |       0 |   0.0
        D:3 |      55 |       0 |   0.0 |       7 |       0 |   0.0
            +---------+---------+-------+---------+---------+-------
